 Dungeon Sprint DCSS version 0.28.0-49-g6dfe1f597d (webtiles) character file.

Game seed: 5745820352022154981

35012 Revguard the Warrior (level 13, -22/225 HPs)
             Began as a Troll Gladiator on May 16, 2022.
             Was a High Priest of Jiyva (penitent).
             Killed from afar by Ankoqeog the pandemonium lord (89 damage)
             ... with a crystal spear
             ... in the Dungeon (Sprint V: "Ziggurat Sprint").
             The game lasted 00:24:17 (591 turns).

Revguard the Warrior (Troll Gladiator)               Turns: 591, Time: 00:24:17

Health: -22/225    AC: 35    Str: 27    XL:     13   Next: 45%
Magic:  12/12      EV:  3    Int:  4    God:    Jiyva [*****.]
Gold:   0          SH: 30    Dex: 15    Spells: 12/12 levels left

rFire   + + .      SeeInvis +   G - +14 obsidian axe {vorpal, Mesm Drain Fly SInv}
rCold   + + +      Faith    .   H - +18 shield of the Gong {rElec rN+ Will+ EV-5}
rNeg    + . .      Spirit   .   k - +9 gold dragon scales
rPois   +          Reflect  .   c - +0 hat
rElec   +          Harm     .   K - +1 cloak of Omission {+Inv}
rCorr   .          Rampage  .   (gloves unavailable)
Will    .....      NoTele   +   (boots unavailable)
Stlth   ..........              u - amulet "Pinneal" {rF+ rC+++ Will- Regen+ Stlth+}
HPRegen 2.07/turn               P - ring of Biuklurr {rElec rPois Slay+2 SInv}
MPRegen 0.13/turn               b - +4 ring of slaying

@: berserking, flying, mesmerised, studying 2 skills, silenced, very quick
A: large, unfitting armour, claws 3, regeneration 1, shaggy fur 1, tough skin 1,
hooves 3, iridescent scales 1, strong 1, wild magic 3
a: Renounce Religion, Evoke Invisibility


You were in the Dungeon.
You worshipped Jiyva.
Jiyva was demanding penance.
You visited 1 branch

Inventory:

Hand Weapons
 G - the +14 obsidian axe (weapon) {vorpal, Mesm Drain Fly SInv}
   (You found it in the Dungeon)

   It inflicts extra damage upon your enemies.
   It occasionally summons demons to assist the wielder when it strikes in
   combat.
   Its wielder is mesmerised by any visible foes.
   It cannot be unequipped while any foes are visible.
   SInv:      It lets you see invisible.
   Fly:       It grants you flight.
   Drain:     It drains your maximum health when unequipped.
Missiles
 d - 2 throwing nets (quivered)
Armour
 c - a +0 hat (worn)
 k - +9 gold dragon scales (worn)
 H - the +18 shield of the Gong (worn) {rElec rN+ Will+ EV-5}
   (You found it in the Dungeon)

   It is deafeningly noisy when blocking attacks.
   EV:        It affects your evasion (-5).
   rElec:     It insulates you from electricity.
   rN:        It protects you from negative energy.
   Will:      It increases your willpower.
 K - the +1 cloak of Omission (worn) {+Inv}
   (You found it in the Dungeon)

   +Inv:      It lets you turn invisible.
Jewellery
 b - a +4 ring of slaying (right claw)
 l - an amulet of the acrobat
 u - the amulet "Pinneal" (around neck) {rF+ rC+++ Will- Regen+ Stlth+}
   (You acquired it in the Dungeon)

   [amulet of regeneration]

   rF:        It protects you from fire.
   rC:        It renders you almost immune to cold.
   Regen:     It increases your rate of health regeneration.
   Will:      It decreases your willpower.
   Stlth:     It makes you more stealthy.
 z - a ring of flight
 A - a +6 ring of dexterity
 B - a +6 ring of dexterity
 C - a +6 ring of intelligence
 D - a +6 ring of intelligence
 E - a +6 ring of strength
 F - a +6 ring of strength
 J - a ring of ice
 L - a ring of wizardry
 N - a ring of fire
 O - a ring of see invisible
 P - the ring of Biuklurr (left claw) {rElec rPois Slay+2 SInv}
   (You found it in the Dungeon)

   [ring of see invisible]

   Slay:      It affects your accuracy & damage with ranged weapons and melee
   (+2).
   rElec:     It insulates you from electricity.
   rPois:     It protects you from poison.
   SInv:      It lets you see invisible.
 Q - a +4 ring of protection
 R - the amulet of the Air {Inacc Air Fly rElec RMsl}
   (You found it in the Dungeon)

   [amulet of nothing]

   It reduces the accuracy of all your attacks.
   It enhances your air magic.
   rElec:     It insulates you from electricity.
   Fly:       It grants you flight.
   RMsl:      It protects you from missiles.
 S - the ring of Dusuguop {Wiz +Blink Int+3 Slay+3}
   (You found it in the Dungeon)

   [ring of wizardry]

   It improves your spell success rate.
   Int:       It affects your intelligence (+3).
   Slay:      It affects your accuracy & damage with ranged weapons and melee
   (+3).
   +Blink:    It lets you blink.
Wands
 w - a wand of mindburst (7)
 x - a wand of iceblast (7)
 y - a wand of acid (7)
Scrolls
 j - 4 scrolls of blinking
 m - 4 scrolls of amnesia
 n - 6 scrolls of fog
 p - 5 scrolls of identify
 q - 2 scrolls of fear
 M - 2 scrolls of brand weapon
Potions
 e - 10 potions of curing
 f - 10 potions of heal wounds
 g - 6 potions of haste
 h - 7 potions of magic
 r - 2 potions of brilliance
 s - 2 potions of invisibility
 t - 3 potions of resistance
 v - 6 potions of might
Miscellaneous
 a - a tin of tremorstones (2/2)
 I - a box of beasts


   Skills:
 + Level 15.3 Fighting
 + Level 13.5 Axes
 - Level 1.7 Throwing
 + Level 14.5 Armour
 + Level 13.6 Dodging
 + Level 13.2 Shields
 + Level 11.1 Evocations


You had 12 spell levels left.
You didn't know any spells.
Your spell library contained the following spells:

 Spells                   Type           Power      Damage    Failure   Level
 Freeze                   Ice            0%         1d3       100%        1
 Magic Dart               Conj           0%         1d3       100%        1
 Sandblast                Erth           0%         2d4       100%        1
 Shock                    Conj/Air       0%         1d3       100%        1
 Blink                    Tloc           0%         N/A       100%        2
 Call Imp                 Summ           0%         N/A       100%        2
 Ensorcelled Hibernation  Hex/Ice        0%         N/A       100%        2
 Passwall                 Tmut/Erth      0%         N/A       100%        2
 Poisonous Vapours        Pois/Air       0%         N/A       100%        2
 Sublimation of Blood     Necr           0%         N/A       100%        2
 Confusing Touch          Hex            0%         N/A       100%        3
 Dazzling Flash           Conj/Hex       0%         N/A       100%        3
 Mephitic Cloud           Conj/Pois/Air  0%         N/A       100%        3
 Ozocubu's Armour         Ice            0%         N/A       100%        3
 Stone Arrow              Conj/Erth      0%         3d7       100%        3
 Summon Guardian Golem    Hex/Summ       0%         N/A       100%        3
 Swiftness                Air            0%         N/A       100%        3
 Airstrike                Air            0%         N/A       100%        4
 Animate Armour           Summ/Erth      0%         N/A       100%        4
 Animate Dead             Necr           0%         N/A       100%        4
 Cause Fear               Hex            0%         N/A       100%        4
 Fulminant Prism          Conj/Hex       0%         3d6       100%        4
 Hailstorm                Conj/Ice       0%         3d3       100%        4
 Iskenderun's Mystic Bla  Conj/Tloc      0%         2d3       100%        4
 Petrify                  Tmut/Erth      0%         N/A       100%        4
 Sticky Flame             Conj/Fire      0%         2d3       100%        4
 Summon Ice Beast         Ice/Summ       0%         N/A       100%        4
 Agony                    Necr           0%         N/A       100%        5
 Blade Hands              Tmut           0%         N/A       100%        5
 Freezing Cloud           Conj/Ice/Air   0%         6-21      100%        5
 Irradiate                Conj/Tmut      0%         3d13      100%        5
 Lee's Rapid Deconstruct  Erth           0%         3d5*      100%        5
 Manifold Assault         Tloc           0%         N/A       100%        5
 Silence                  Hex/Air        0%         N/A       100%        5
 Yara's Violent Unravell  Hex/Tmut       0%         3d3       100%        5
 Dispersal                Tloc           0%         N/A       100%        6
 Eringya's Noxious Bog    Tmut/Pois      0%         N/A       100%        6
 Iron Shot                Conj/Erth      0%         9d1       100%        6
 Starburst                Conj/Fire      0%         6d3       100%        6
 Statue Form              Tmut/Erth      0%         N/A       100%        6
 Dragon Form              Tmut           0%         N/A       100%        7
 Enfeeble                 Hex            0%         N/A       100%        7
 Haunt                    Necr/Summ      0%         N/A       100%        7
 Malign Gateway           Summ/Tloc      0%         N/A       100%        7
 Monstrous Menagerie      Summ           0%         N/A       100%        7
 Orb of Destruction       Conj           0%         9d5       100%        7
 Ozocubu's Refrigeration  Ice            0%         4d5       100%        7
 Spellforged Servitor     Conj/Summ      0%         N/A       100%        7
 Storm Form               Tmut/Air       0%         N/A       100%        7
 Summon Hydra             Summ           0%         N/A       100%        7
 Infestation              Necr           0%         N/A       100%        8
 Chain Lightning          Conj/Air       0%         N/A       100%        9
 Dragon's Call            Summ           0%         N/A       100%        9


Dungeon Overview and Level Annotations

Branches:
Dungeon (1/1)

Altars:
Ashenzari
Cheibriados
Dithmenos
Elyvilon
Fedhas
Gozag
Hepliaklqana
Kikubaaqudgha
Makhleb
Nemelex Xobeh
Okawaru
Qazlal
Ru
Sif Muna
Trog
Uskayaw
Vehumet
Wu Jian
Xom
Yredelemnul
Zin
The Shining One
Beogh
Jiyva
Lugonu


Innate Abilities, Weirdness & Mutations

You are too large for most types of armour.
You have claws for hands.
Your natural rate of healing is unusually fast.
You are covered in fur. (AC +1)
You have tough skin. (AC +1)
You have hooves in place of feet.
You are partially covered in iridescent scales. (AC +2)
Your muscles are strong. (Str +2)
Your spells are much harder to cast, but much more powerful.


Message History

The Executioner is lost in a daze.
Wumuh gestures.
Wumuh blinks!
The demonspawn black sun is lost in a daze.
The wraith is lost in a daze.
The freezing wraith is lost in a daze.
The Hell Sentinel is lost in a daze.
Vymaang is lost in a daze.
You hit the Executioner but do no damage.
The Executioner is almost dead.
You barely miss the wraith. You slash the freezing wraith!
You destroy the freezing wraith!
The freezing wraith disappears in a puff of smoke!
You hit Ankoqeog. Ankoqeog completely misses you.
The Executioner is lost in a daze.
Macvayvo gestures.
The dungeon shakes, a horrible noise fills the air, and a portal to some otherworldly place is opened!
The orange demon is lost in a daze.
Ankoqeog is lost in a daze.
Unknown command.
You slice the Executioner!!
You kill the Executioner!
You barely miss Ankoqeog. You hit the wraith.
The Hell Sentinel is lost in a daze.
Vymaang gestures.
Vymaang's surroundings become eerily quiet.
Dekicill is lost in a daze.
You block the wraith's attack.
Unknown command.
Press: ? - help, v - describe, . - travel A portal to somewhere.
This square is shrouded in silence.
Unknown command.
You slice Ankoqeog!! You open a gate to Pandemonium!
A demon appears!
You kick Ankoqeog, but do no damage.
Ankoqeog is heavily wounded.
You slice Wumuh!! You slice the wraith!!
You break out of your daze!
You destroy the wraith!
The wraith disappears in a puff of smoke!
Visions of slaying Wumuh flood into your mind.
Ankoqeog gestures at you. The crystal spear hits you!!!!
You die...

▓.§......
▓..}|6|!|))"..▓........
▓.....&.......▓........
▓....4.1&.4...▓........
▓.....6..§§§..▓..▓.††..
▓...2....§∩§..▓.▓▓▓...▓
▓....1&&.§§§..▓..▓.....
▓.............▓.....©..
▓....&@&..§...▓▓▓▓▓▓▓▓▓
▓.....§§3.....▓....8©8.
▓.............▓....[..}
▓......©......▓...|....
▓▓▓▓▓▓▓▓▓▓▓▓▓▓▓........
▓........ ▓........
▓......). ▓..▓...))


You could see Ankoqeog (unsilenced, dazed), Dekicill (dazed), Hyesiwi
(unsilenced, dazed), Macvayvo (silencing, unsilenced), Vymaang (silencing,
unsilenced, dazed), Wumuh (mesmerising, unsilenced, dazed), a Hell Sentinel
(unsilenced, dazed), a Brimstone Fiend (unsilenced, dazed), a demonspawn
corrupter (dazed), a demonspawn black sun (dazed), a blizzard demon (unsilenced,
dazed), an orange demon (dazed), an ice devil and a friendly smoke demon
(summoned).

Vanquished Creatures
  An Ice Fiend (D)
  An Executioner (D)
  3 shadow dragons (D)
  2 very ugly things (D)
  A stone giant (D)
  A deep elf demonologist (D)
  5 vault guards (D)
  A hydra (D)
  A yaktaur captain (D)
  2 dancing weapons (D)
  2 spriggan berserkers (D)
  3 soul eaters (D)
  2 deep elf knights (D)
  3 spriggans (D)
  2 deep elf pyromancers (D)
  2 deep elf zephyrmancers (D)
  A black mamba (D)
  A toenail golem (D)
  A cane toad (shapeshifter) (D)
  An orange demon (D)
  A smoke demon (D)
  A gargoyle (D)
  2 cane toads (D)
  A yaktaur (D)
  2 rime drakes (D)
  2 ice devils (D)
  A komodo dragon (D)
  A hellwing (D)
  2 hornets (D)
  A dream sheep (D)
  A water elemental (D)
  2 basilisks (D)
  A hell hound (D)
  A swamp drake (D)
  A black bear (D)
  2 earth elementals (D)
  4 quasits (D)
  An orc priest (D)
  2 iron imps (D)
  3 orc wizards (D)
  2 white imps (D)
  An ufetubus (D)
  2 adder skeletons (D)
  An adder zombie (D)
  3 orcs (D)
  A ball python skeleton (D)
  2 ball python zombies (D)
80 creatures vanquished.

Vanquished Creatures (collateral kills)
  A shadow dragon (D)
  A ghoul (D)
  A very ugly thing (D)
  A hydra (D)
  3 vault guards (D)
  A dancing weapon (D)
  3 soul eaters (D)
  2 deep elf archers (D)
  A black mamba (D)
  A komodo dragon (D)
  A black bear (D)
  A swamp drake (D)
  A wolf (D)
  A small abomination (D)
  3 earth elementals (D)
  2 crimson imps (D)
  An iron imp (D)
  A shadow imp (D)
  A spectral adder (D)
  An adder zombie (D)
  An adder skeleton (D)
  An orc (D)
  A bat zombie (D)
  A ball python skeleton (D)
  A giant cockroach zombie (D)
33 creatures vanquished.

Vanquished Creatures (others)
  A radroach (shapeshifter) (D)
  A glowing orange brain (D)
  A shining eye (shapeshifter) (D)
  A shining eye (D)
  A moth of wrath (shapeshifter) (D)
  A guardian serpent (shapeshifter) (D)
  A snapping turtle (shapeshifter) (D)
  A slime creature (shapeshifter) (D)
  A raiju (shapeshifter) (D)
  A large abomination (D)
  2 small abominations (D)
  A neqoxec (D)
  A swamp drake (shapeshifter) (D)
  10 jellies (D)
  A bat skeleton (D)
  A quokka skeleton (D)
26 creatures vanquished.

Grand Total: 139 creatures vanquished

Notes
Turn   | Place    | Note
-------+----------+-------------------------------------------
     0 | D        | Revguard the Troll Gladiator began the quest for the Orb.
     0 | D        | Reached XP level 1. HP: 19/19 MP: 0/0
    14 | D        | Found a blossoming altar of Fedhas.
    14 | D        | Found the +6 Majin-Bo {vamp, MP+6 Int+6}
    14 | D        | Found the +9 heavy crossbow "Sniper" {vorpal, Acc+∞ SInv}
    14 | D        | Found the +10 dark maul {vorpal}
    14 | D        | Found the +15 Maxwell's patent armour {-Cast -Tele rElec
                  | Will+ rCorr}
    14 | D        | Found the +18 shield of the Gong {rElec rN+ Will+ EV-5}
    14 | D        | Found the +14 obsidian axe {vorpal, Mesm Drain Fly SInv}
    14 | D        | Found the +7 great mace "Firestarter" {inner flame, rF++}
    14 | D        | Found the +6 shillelagh "Devastator" {shatter}
    14 | D        | Found the +11 plutonium sword {Contam Stlth-}
    14 | D        | Found the +8 lance "Wyrmbane" {slay drac, rPois rF+ rC+
                  | AC+3}
    14 | D        | Found the +9 sword of Zonguldrok {reap}
    14 | D        | Found the +13 scythe of Curses {drain, Drain}
    14 | D        | Found the +5 sword of Power {vorpal}
    14 | D        | Found the +7 mace of Variability {chain chaos}
    14 | D        | Found the +7 Singing Sword {vorpal, sonic wave}
    14 | D        | Found the +8 storm bow {elec, penet}
    15 | D        | Found a viscous altar of Jiyva.
    15 | D        | Found a transporter.
    15 | D        | Found a hazy altar of Hepliaklqana.
    15 | D        | Found an ancient bone altar of Kikubaaqudgha.
    15 | D        | Found an opulent altar of Gozag.
    15 | D        | Found a corrupted altar of Lugonu.
    16 | D        | Found a burning altar of Makhleb.
    17 | D        | Found a sacrificial altar of Ru.
    17 | D        | Found a shimmering blue altar of Sif Muna.
    17 | D        | Found a stormy altar of Qazlal.
    17 | D        | Found a bloodstained altar of Trog.
    17 | D        | Found an iron altar of Okawaru.
    17 | D        | Found a sparkling altar of Nemelex Xobeh.
    62 | D        | Reached skill level 3 in Fighting
    62 | D        | Reached XP level 2. HP: 31/31 MP: 1/1
    68 | D        | Became a worshipper of Jiyva Jibemi the Shapeless
    71 | D        | Entered arena 2.
    71 | D        | Noticed a swamp drake
    71 | D        | Noticed a swamp drake
    71 | D        | Found a transporter.
    76 | D        | Killed a swamp drake
    77 | D        | Reached skill level 4 in Fighting
    77 | D        | Reached XP level 3. HP: 25/39 MP: 2/2
    77 | D        | Reached XP level 4. HP: 31/48 MP: 3/3
    77 | D        | Killed a swamp drake
    78 | D        | Reached skill level 5 in Axes
    78 | D        | Reached skill level 5 in Dodging
    78 | D        | Reached XP level 5. HP: 36/55 MP: 4/4
    89 | D        | Killed a neqoxec
    92 | D        | Killed a shining eye
    95 | D        | Entered arena 3.
    95 | D        | Noticed a hell hound
    95 | D        | Found a transporter.
    97 | D        | Killed a hell hound
    97 | D        | Killed a shining eye
    98 | D        | Reached skill level 5 in Fighting
    98 | D        | Reached XP level 6. HP: 63/66 MP: 5/5
    99 | D        | Reached skill level 5 in Armour
    99 | D        | Reached skill level 5 in Shields
   105 | D        | Got the +0 pair of boots of the Salamander {Stlth+}
   108 | D        | Killed a guardian serpent
   110 | D        | Entered arena 4.
   110 | D        | Found a transporter.
   120 | D        | Killed a slime creature
   124 | D        | Acquired the amulet "Pinneal" {rF+ rC+++ Will- Regen+
                  | Stlth+}
   132 | D        | Killed a snapping turtle
   139 | D        | Entered arena 5.
   139 | D        | Reached * piety under Jiyva
   139 | D        | Found a transporter.
   145 | D        | Killed a moth of wrath
   146 | D        | Got the Disquisition on Illusion and the Snowflakes
   149 | D        | Entered arena 6.
   149 | D        | Found a transporter.
   153 | D        | Reached XP level 7. HP: 70/74 MP: 6/6
   154 | D        | Reached skill level 6 in Fighting
   154 | D        | Reached skill level 1 in Evocations
   165 | D        | Got Ricy's Volume of the Noxious Rocks
   170 | D        | Entered arena 7.
   170 | D        | Found the +1 robe of Vines {NoPotionHeal Regen++++}
   170 | D        | Noticed a deep elf archer
   170 | D        | Noticed a deep elf zephyrmancer
   170 | D        | Noticed a deep elf demonologist
   170 | D        | Noticed a deep elf knight
   170 | D        | Noticed a +2 flail of protection
   170 | D        | Noticed a deep elf zephyrmancer
   170 | D        | Reached ** piety under Jiyva
   171 | D        | Found a transporter.
   178 | D        | Noticed a shadow demon
   179 | D        | Noticed a hellion
   180 | D        | Noticed a lorocyproca
   181 | D        | Killed a deep elf knight
   182 | D        | Reached XP level 8. HP: 15/84 MP: 7/7
   182 | D        | Killed a raiju
   183 | D        | Killed a +2 flail of protection
   184 | D        | Reached skill level 7 in Fighting
   184 | D        | Killed a deep elf zephyrmancer
   185 | D        | Reached XP level 9. HP: 32/93 MP: 8/8
   187 | D        | Noticed a lorocyproca
   187 | D        | Killed a deep elf demonologist
   188 | D        | Reached skill level 8 in Fighting
   188 | D        | Reached skill level 5 in Evocations
   188 | D        | Killed a deep elf zephyrmancer
   196 | D        | Killed a deep elf archer
   233 | D        | Entered arena 8.
   233 | D        | Noticed a spriggan rider
   233 | D        | Noticed a spriggan rider
   234 | D        | Found a transporter.
   237 | D        | Reached XP level 10. HP: 83/106 MP: 9/9
   240 | D        | Killed a spriggan rider
   241 | D        | Reached skill level 9 in Fighting
   258 | D        | Entered arena 9.
   258 | D        | Noticed a gargoyle
   258 | D        | Noticed a toenail golem
   259 | D        | Found a transporter.
   263 | D        | Killed a toenail golem
   265 | D        | Killed a gargoyle
   266 | D        | Reached skill level 10 in Fighting
   282 | D        | Killed a radroach
   292 | D        | Entered arena 10.
   292 | D        | Noticed a deep elf knight
   292 | D        | Noticed a deep elf pyromancer
   292 | D        | Noticed a +2 war axe of flaming
   292 | D        | Noticed a cane toad
   292 | D        | Noticed a deep elf pyromancer
   292 | D        | Noticed a +2 glaive of protection
   292 | D        | Noticed a deep elf archer
   292 | D        | Reached *** piety under Jiyva
   292 | D        | Gained mutation: You have large cloven feet. [Jiyva's
                  | grace]
   292 | D        | Gained mutation: You have hoof-like feet. [Jiyva's grace]
   292 | D        | Gained mutation: You have hooves in place of feet. [Jiyva's
                  | grace]
   292 | D        | Gained mutation: Your muscles are strong. (Str +2) [Jiyva's
                  | grace]
   293 | D        | Found a transporter.
   296 | D        | Killed a cane toad
   298 | D        | Killed a +2 glaive of protection
   299 | D        | Reached skill level 10 in Dodging
   301 | D        | Reached skill level 10 in Axes
   301 | D        | Killed a deep elf pyromancer
   301 | D        | Killed a +2 war axe of flaming
   302 | D        | Reached skill level 11 in Fighting
   302 | D        | Reached XP level 11. HP: 84/120 MP: 10/10
   303 | D        | Killed a deep elf knight
   308 | D        | Killed a deep elf pyromancer
   309 | D        | Reached skill level 10 in Armour
   313 | D        | Killed a deep elf archer
   314 | D        | Reached skill level 10 in Shields
   327 | D        | Got the ring of Biuklurr {rElec rPois Slay+2 SInv}
   329 | D        | Got the Catalogue of Curses
   344 | D        | Entered arena 11.
   345 | D        | Found a transporter.
   366 | D        | Got the Almanac of the Doomed Voyage
   371 | D        | Entered arena 12.
   371 | D        | Noticed a ghoul
   371 | D        | Noticed a soul eater
   371 | D        | Noticed a soul eater
   371 | D        | Noticed a shadow dragon
   371 | D        | Reached **** piety under Jiyva
   376 | D        | Killed a ghoul
   377 | D        | Reached skill level 12 in Fighting
   377 | D        | Found a transporter.
   381 | D        | Killed a soul eater
   382 | D        | Killed a shadow dragon
   383 | D        | Killed a soul eater
   393 | D        | Got Yshiw's Reference Book on the Cankerous Birds
   405 | D        | Entered arena 13.
   405 | D        | Noticed a great orb of eyes
   405 | D        | Noticed a rockslime
   405 | D        | Noticed an azure jelly
   407 | D        | Found a transporter.
   407 | D        | Noticed a rockslime
   417 | D        | Entered arena 14.
   417 | D        | Noticed a vault guard
   417 | D        | Noticed a vault guard
   417 | D        | Noticed a vault guard
   418 | D        | Noticed a yaktaur captain
   419 | D        | Noticed a vault guard
   419 | D        | Noticed a stone giant
   419 | D        | Noticed a shadow dragon
   420 | D        | Noticed a vault guard
   420 | D        | Noticed a vault guard
   421 | D        | Noticed a vault guard
   422 | D        | Killed a vault guard
   423 | D        | Identified the +6 plate armour of Unambiguity {rElec rCorr
                  | Int+3}
   423 | D        | Noticed a vault guard
   425 | D        | Killed a yaktaur captain
   425 | D        | Killed a vault guard
   426 | D        | Reached skill level 13 in Fighting
   429 | D        | Killed a vault guard
   430 | D        | Reached XP level 12. HP: 83/136 MP: 11/11
   431 | D        | Killed a vault guard
   433 | D        | Killed a vault guard
   435 | D        | Killed a vault guard
   437 | D        | Killed a stone giant
   438 | D        | Killed a vault guard
   438 | D        | Killed a vault guard
   439 | D        | Reached skill level 14 in Fighting
   439 | D        | Killed a shadow dragon
   440 | D        | Found a transporter.
   440 | D        | Reached ***** piety under Jiyva
   453 | D        | Got the Collected Works on Confrontation and Malediction
   464 | D        | Entered arena 15.
   464 | D        | Noticed a cyan very ugly thing
   464 | D        | Noticed a green very ugly thing
   464 | D        | Noticed a green very ugly thing
   471 | D        | Killed a cyan very ugly thing
   471 | D        | Killed a red very ugly thing
   472 | D        | Killed a green very ugly thing
   473 | D        | Found a transporter.
   486 | D        | Got Tat Orphig's Handbook of Ashen Battle Magic
   493 | D        | Entered arena 16.
   493 | D        | Gained mutation: Your spells are a little harder to cast,
                  | but a little more powerful. [Jiyva's grace]
   493 | D        | Gained mutation: Your spells are harder to cast, but more
                  | powerful. [Jiyva's grace]
   493 | D        | Gained mutation: Your spells are much harder to cast, but
                  | much more powerful. [Jiyva's grace]
   493 | D        | Gained mutation: You are partially covered in iridescent
                  | scales. (AC +2) [Jiyva's grace]
   494 | D        | Noticed a shadow dragon
   495 | D        | Noticed a shadow dragon
   496 | D        | Found a transporter.
   508 | D        | Reached skill level 10 in Evocations
   509 | D        | Killed a shadow dragon
   512 | D        | Killed a shadow dragon
   513 | D        | Reached XP level 13. HP: 112/148 MP: 12/12
   536 | D        | Entered arena 17.
   540 | D        | Found the amulet of the Air {Inacc Air Fly rElec RMsl}
   543 | D        | Reached skill level 15 in Fighting
   543 | D        | Found a transporter.
   554 | D        | Got the +1 cloak of Omission {+Inv}
   567 | D        | Got the ring of Dusuguop {Wiz +Blink Int+3 Slay+3}
   569 | D        | Got Gaopyr's Grimoire of Ice
   581 | D        | Entered arena 18.
   583 | D        | Reached ****** piety under Jiyva
   583 | D        | Noticed an Ice Fiend
   583 | D        | Noticed Vymaang the pandemonium lord
   583 | D        | Noticed a Brimstone Fiend
   584 | D        | Noticed a Hell Sentinel
   584 | D        | Noticed Hyesiwi the pandemonium lord
   584 | D        | Noticed Dekicill the pandemonium lord
   584 | D        | Noticed a demonspawn black sun
   584 | D        | Noticed Wumuh the pandemonium lord
   584 | D        | Found the amulet of Vitality {Regen+ HP+15}
   584 | D        | Noticed an Executioner
   584 | D        | Noticed Ankoqeog the pandemonium lord
   585 | D        | Noticed a demonspawn corrupter
   585 | D        | Noticed a blizzard demon
   587 | D        | Was placed under penance by Jiyva
   587 | D        | Killed an Ice Fiend
   588 | D        | Noticed Macvayvo the pandemonium lord
   590 | D        | Killed an Executioner
   591 | D        | Killed from afar by Ankoqeog the pandemonium lord

Illustrated notes

Levels and vault maps discovered:
D:        sprint_v [room_start, room_1, room_2, room_3, room_4, room_5, room_6,
          room_7, room_8, room_9, room_10, room_11, room_12, room_13, room_14,
          room_15, room_16, room_17, room_18, room_19, room_20, room_21,
          room_22, room_23, room_24, room_25, room_26, room_27]

Skill      XL: |  1  2  3  4  5  6  7  8  9 10 11 12 13 |
---------------+----------------------------------------+-----
Fighting       | 3 4 5 6 7 8 11 13 14 15 | 15.3
Axes           | 3 4 5 6 7 8 10 11 12 13 | 13.5
Armour         | 2 3 4 5 6 7 8 9 11 13 14 | 14.5
Dodging        | 3 4 5 6 7 8 9 10 11 12 13 | 13.6
Shields        | 2 3 4 5 6 7 8 9 11 12 13 | 13.2
Evocations     | 3 4 5 7 8 10 11 | 11.1
Throwing       | |  1.7

Action                   |  1- 3 |  4- 6 |  7- 9 | 10-12 | 13-15 || total
-------------------------+-------+-------+-------+-------+-------++-------
Melee: Broad axe         |     4 |     9 |    21 |    87 |     5 ||   126
       Kick              |       |       |       |    25 |     1 ||    26
Throw: Throwing net      |       |       |     1 |       |       ||     1
Evoke: Box of beasts     |       |       |     1 |     1 |     1 ||     3
       Tin of tremorston |       |       |       |       |     2 ||     2
  Use: Potion            |     1 |       |     1 |     2 |     1 ||     5
       Scroll            |       |     1 |       |     5 |     1 ||     7
 Stab: Distracted        |       |       |       |     3 |       ||     3
Armor: Gold dragon scale |       |     8 |    18 |    70 |     8 ||   104
Dodge: Dodged            |       |       |       |     6 |     1 ||     7
Block: Kite shield       |     8 |    14 |    46 |   186 |     9 ||   263
